 Dungeon Crawl Stone Soup version 0.26-a0-264-g3a471323bd (webtiles) character file.

Game seed: 4641903479404593034

18 BritishOli the Skirmisher (level 2, -2/24 HPs)
             Began as a Demonspawn Fighter on July 11, 2020.
             Slain by a water moccasin (5 damage)
             ... on level 2 of the Dungeon.
             The game lasted 00:01:30 (883 turns).

BritishOli the Skirmisher (Demonspawn Fighter)       Turns: 883, Time: 00:01:31

Health: -2/24      AC: 15    Str: 16    XL:     2   Next: 48%
Magic:  2/2        EV:  7    Int:  9    God:
Gold:   49         SH:  8    Dex: 12    Spells: 1/1 levels left

rFire    . . .     SeeInvis .   a - +0 long sword
rCold    . . .     Faith    .   c - +0 kite shield
rNeg     . . .     Spirit   .   b - +0 scale mail
rPois    .         Reflect  .   (no helmet)
rElec    .         Harm     .   k - +0 cloak
rCorr    .                      j - +0 pair of gloves
MR       .....                  (no boots)
Stlth    ..........             (no amulet)
HPRegen  0.08/turn              (no ring)
MPRegen  0.08/turn              (no ring)

@: mighty, lethally poisoned (-2 -> -8), sanguine armour
A: sanguine armour 1
a: no special abilities


You were on level 2 of the Dungeon.
You were not hungry.

You visited 1 branch of the dungeon, and saw 2 of its levels.

You collected 49 gold pieces.

Inventory:

Hand Weapons
 a - a +0 long sword (weapon)
Armour
 b - a +0 scale mail (worn)
 c - a +0 kite shield (worn)
 j - a +0 pair of gloves (worn)
 k - a +0 cloak (worn)
Scrolls
 e - a scroll of enchant weapon {unknown}
 g - 2 scrolls of blinking {unknown}
 h - a scroll of remove curse {unknown}
 i - 2 scrolls of identify {unknown}
 l - 2 scrolls of enchant armour {unknown}
 m - a scroll of amnesia {unknown}
 n - a scroll of random uselessness {unknown}
Potions
 d - a potion of might
Comestibles
 f - 6 rations


   Skills:
 + Level 3.1 Fighting
 + Level 1.8 Long Blades
 + Level 3.0 Armour
 + Level 0.2 Dodging
 + Level 3.0 Shields


You had one spell level left.
You didn't know any spells.
Your spell library was empty.

Dungeon Overview and Level Annotations

Branches:
Dungeon (1/15)

Altars:


Innate Abilities, Weirdness & Mutations

When seriously injured, your bleeding wounds create armour. (AC +6)


Message History

You feel very mighty all of a sudden.
* * * LOW HITPOINT WARNING * * *
You feel sick. You block the quokka's attack.
You closely miss the quokka.
* * * LOW HITPOINT WARNING * * *
You feel sick. The quokka barely misses you. The quokka closely misses you.
You miss the quokka.
* * * LOW HITPOINT WARNING * * *
You feel sick. The quokka barely misses you.
You riposte.
You closely miss the quokka. You block the quokka's attack.
You slash the quokka!
You kill the quokka!
* * * LOW HITPOINT WARNING * * *
You feel sick.
The water moccasin bites you but does no damage.
You closely miss the water moccasin.
* * * LOW HITPOINT WARNING * * *
You feel sick. You block the water moccasin's attack.
The water moccasin bites you.
You die...

#......# #......#
#......# #......####
#... #.......... ....
#.......... .....
####†#.##.... .....
###...).†.......
......
###@...##..##.....
..!...# ##KS.#.###.##
...> #...##.g###.#
#.# ... #....## ..#
... .. .......#.##
.#.. ... #
g.#...(.....##..#....
#....#..?..........(
#.!.......#..###
#8..8##..#.# ##


You could see a water moccasin, a hobgoblin and a kobold.

Vanquished Creatures
  A dart slug (D:1)
  A leopard gecko (D:1)
  2 bats (D:1)
  2 giant cockroaches (D:1)
  A hobgoblin (D:2)
  A quokka (D:2)
  2 ball pythons (D:2)
  2 frilled lizards (D:1)
  A kobold (D:1)
  3 rats
16 creatures vanquished.

Notes
Turn   | Place    | Note
-------+----------+-------------------------------------------
     0 | D:1      | BritishOli the Demonspawn Fighter began the quest for the
                  | Orb.
     0 | D:1      | Reached XP level 1. HP: 18/18 MP: 1/1
   331 | D:1      | Gained mutation: When seriously injured, your bleeding
                  | wounds create armour. (AC +6) [demonic ancestry]
   331 | D:1      | Reached XP level 2. HP: 24/24 MP: 2/2
   717 | D:1      | You fall into a shaft and drop 1 floor!
   870 | D:2      | Noticed a water moccasin
   883 | D:2      | Slain by a water moccasin

Illustrated notes

Levels and vault maps discovered:
D:1:      dpeg_arrival_fog, layout_loops_ring
D:2:      layout_rooms, minitemple

Skill      XL: |  1  2 |
---------------+-------+-----
Armour         | 3 |  3.0
Shields        | 3 |  3.0
Fighting       | |  3.1
Long Blades    | |  1.8
Dodging        | |  0.2

Action                   || total
-------------------------++-------
Melee: Long sword        ||    50
  Use: Potion            ||     1
Armor: Scale mail        ||    47
Dodge: Dodged            ||    21
Block: Kite shield       ||    35
       Rpst.: Long sword ||    10

Table legend:
 A = Non-vault XP
 B = Vault XP
 C = Vault XP percentage of total XP
 D = Non-vault monster count
 E = Vault monster count
 F = Vault count percentage of total count
                 A         B        C        D         E       F
            +---------+---------+-------+---------+---------+-------
      Total |      26 |       0 |   0.0 |      16 |       0 |   0.0
            +---------+---------+-------+---------+---------+-------
        D:1 |      19 |       0 |   0.0 |      11 |       0 |   0.0
        D:2 |       7 |       0 |   0.0 |       5 |       0 |   0.0
            +---------+---------+-------+---------+---------+-------
